AoeStats
← Afu

Arabia

507626176Analyzed
1v1 RM · 12d ago on Sep 19, 2026· 30m 2s· 2 players
Game mode
Random Map
Map size
Tiny (2 player)
Population
200
Speed
Normal
Resources
Standard
Victory
Conquest
Starting age
Dark Age
Ending age
Imperial Age
RankedLock teamsTeams togetherTeam positionsShared explorationLock speedFull tech treeHidden civsTurbo modeCheats
Victory
Defeat
🇹🇼 Wei · Taiwan
1024
+17
🇹🇼 Wei · Taiwan
1039
-46
雞丁變但丁
10:51 Feudal Age
9:16 Loom
13:14 Double-Bit Axe
14:27 Horse Collar
17:22 Wheelbarrow
21:55 Castle Age
20:18 Gold Mining
21:13 Forging
22:12 Bloodlines
22:23 Pikeman
25:33 Scale Barding Armor
29:49 Iron Casting
30:02 Chain Barding Armor
Afu
7:35 Loom
10:00 Feudal Age
11:29 Double-Bit Axe
11:25 Horse Collar
23:23 Castle Age
21:48 Scale Barding Armor
21:52 Gold Mining
24:00 Wheelbarrow
24:05 Forging
24:16 Bow Saw
24:07 Heavy Plow
24:44 Gold Shaft Mining
27:08 Scale Mail Armor
28:17 Fletching
28:49 Pikeman
Connection lost

Rejoining the realm…

Still unreachable

The connection could not be restored.

Session expired

The server has moved on; the page needs a fresh start.